 Dungeon Crawl Stone Soup version 0.31-a0-963-ga325b2283a (webtiles) character file.

Game seed: 10319122963053912953

103761 tsujin the Wrestler (level 15, 0/154 HPs)
             Began as a Troll Chaos Knight on Oct 25, 2023.
             Was a High Priest of Trog.
             Slain by a spriggan rider
             ... wielding a +0 spear
             ... led by a spriggan druid
              (13 damage)
             ... on level 1 of the Swamp on Oct 26, 2023.
             The game lasted 01:10:55 (20464 turns).

tsujin the Wrestler (Troll Chaos Knight)           Turns: 20464, Time: 01:10:56

Health: 0/154      AC: 15    Str: 26    XL:     15   Next: 90%
Magic:  14/14      EV: 23    Int:  4    God:    Trog [*****.]
Gold:   3567       SH:  5    Dex: 18    Spells: 14/14 levels left

rFire   + +          .
                       - Unarmed
rCold   . . .        (no shield)
rNeg    + . .        D - +0 troll leather armour
rPois   +            K - +1 hat
rElec   .            t - +2 ratskin cloak {*Rats rPois rN+ Str-1 Int-1 Dex+1}
rCorr   .            (gloves unavailable)
SInv    +            (boots unavailable)
Will    +....        o - amulet of reflection
Stlth   ++           v - ring of the Cicada {EV+5 Dex+4 Slay+2}
HPRegen 2.05/turn    k - ring of protection from fire
MPRegen 0.14/turn

%: reflection, clarity
@: slowed, very slow
A: large, unfitting armour, claws 3, regeneration 1, shaggy fur 1, tough skin 1,
talons 1, iridescent scales 3, see invisible, agile 1, clarity, dopey 1, fire
resistance 1, robust 1, weak 1
a: Renounce Religion, Berserk, Trog's Hand, Brothers in Arms


You were on level 1 of the Swamp.
You worshipped Trog.
Trog was extremely pleased with you.
You visited 4 branches of the dungeon, and saw 23 of its levels.
You visited 1 bazaar.
You also visited: Volcano.

You collected 4271 gold pieces.
You spent 704 gold pieces at shops.

Inventory:

Hand Weapons
 E - a +2 war axe of flaming
 S - a +8 antimagic executioner's axe
Armour
 t - the +2 ratskin cloak (worn) {*Rats rPois rN+ Str-1 Int-1 Dex+1}
   (You found it on level 8 of the Dungeon)

   *Rats:     When the wearer is hurt, rats may emerge from it to assist them.
   Str-1:     It affects your strength (-1).
   Int-1:     It affects your intelligence (-1).
   Dex+1:     It affects your dexterity (+1).
   rPois:     It protects you from poison rN+: It protects you from negative
   energy.
 D - a +0 troll leather armour (worn)
 K - a +1 hat (worn)
 L - a +1 cloak of fire resistance
Jewellery
 e - a +6 ring of intelligence
 k - a ring of protection from fire (right claw)
 o - an amulet of reflection (around neck)
 v - the ring of the Cicada (left claw) {EV+5 Dex+4 Slay+2}
   (You acquired it on level 6 of the Dungeon)

   [ring of evasion]

   EV+5:      It affects your evasion (+5).
   Dex+4:     It affects your dexterity (+4).
   Slay+2:    It affects your accuracy & damage with ranged weapons and melee
   (+2).
 y - a +6 ring of intelligence
 G - a ring of protection from fire
 T - the amulet of Devotion {rC+ Regen+}
   (You found it on level 5 of the Lair of Beasts)

   [amulet of regeneration]

   rC+:       It protects you from cold.
   Regen+:    It increases your rate of health regeneration.
 W - a +4 ring of protection
Talismans
 A - a maw talisman
Wands
 d - a wand of flame (36)
 j - a wand of quicksilver (12)
 q - a wand of mindburst (37)
 r - a wand of roots (17)
 R - a wand of charming (11)
Scrolls
 b - 2 scrolls of butterflies
 f - a scroll of poison
 l - 7 scrolls of revelation
 z - 5 scrolls of vulnerability
 B - 2 scrolls of immolation
 F - 2 scrolls of fear
 H - 5 scrolls of teleportation
 I - a scroll of silence
 J - a scroll of enchant armour
 P - 3 scrolls of blinking
 Q - 5 scrolls of identify
 U - 2 scrolls of fog
Potions
 a - 4 potions of mutation
 g - 3 potions of degeneration
 h - 3 potions of ambrosia
 i - 5 potions of might
 m - 2 potions of berserk rage
 n - 10 potions of curing
 p - 3 potions of resistance
 s - a potion of lignification
 u - 4 potions of enlightenment
 w - 4 potions of attraction
 x - 3 potions of haste
 C - a potion of cancellation
 M - a potion of invisibility
 N - a potion of magic
 O - 2 potions of brilliance {unknown}
Miscellaneous
 V - a phial of floods


   Skills:
 + Level 7.1 Fighting
 + Level 3.7 Axes
 + Level 5.4 Armour
 + Level 13.9 Dodging
 - Level 0.8 Stealth
 + Level 4.8 Shields
 + Level 22.2 Unarmed Combat
 + Level 0.5 Evocations


You had 14 spell levels left.
You didn't know any spells.
Your spell library contained the following spells:

 Spells                   Type           Power      Damage    Failure   Level
 Magic Dart               Conj           0%         1d3       54%         1
 Sandblast                Erth           0%         2d4       54%         1
 Passwall                 Tmut/Erth      0%         N/A       67%         2
 Scorch                   Fire           0%         2d5       67%         2
 Searing Ray              Conj           0%         2d4       67%         2
 Stone Arrow              Conj/Erth      0%         3d7       88%         3
 Tukima's Dance           Hex            0%         N/A       88%         3
 Animate Dead             Necr           0%         N/A       99%         4
 Brom's Barrelling Bould  Conj/Erth      0%         2d3       99%         4
 Flame Wave               Conj/Fire      0%         2d4       99%         4
 Fulminant Prism          Conj/Hex       0%         3d5       99%         4
 Passage of Golubria      Tloc           0%         N/A       99%         4
 Yara's Violent Unravell  Hex/Tmut       0%         3d3       100%        5
 Summon Cactus Giant      Summ           0%         N/A       100%        6
 Haunt                    Necr/Summ      0%         N/A       100%        7
 Infestation              Necr           0%         N/A       100%        8


Dungeon Overview and Level Annotations

Branches:
Dungeon (15/15)            Temple (0/1) D:6            Lair (5/5) D:11
  Swamp (1/4) Lair:2       Spider (0/4) Lair:2        Slime (0/5) Lair:4
    Orc (2/2) D:12            Elf (0/3) Orc:2        Vaults (0/5) D:13
 Depths (0/4) D:15        Volcano (visited)

Altars:
Ashenzari
Dithmenos
Elyvilon
Fedhas
Kikubaaqudgha
Makhleb
Nemelex Xobeh
Okawaru
Qazlal
Ru
Trog
Uskayaw
Vehumet
Xom
The Shining One
Jiyva

Shops:
D:4 =   Orc:2 *([:

Annotations:
Lair:1 3 runed translucent doors, R007833r's ghost, journeyman DrSh
Lair:4 exclusion: ice statue


Innate Abilities, Weirdness & Mutations

You are too large for most types of armour.
You have claws for hands.
Your natural rate of healing is unusually fast.
You are covered in fur. (AC +1)
You have tough skin. (AC +1)
You have sharp toenails.
You are completely covered in iridescent scales. (AC +6)
You have supernaturally acute eyesight. (SInv)
You are agile. (Dex +4, Str/Int -1)
You possess an exceptional clarity of mind.
You are dopey. (Int -2)
Your flesh is heat resistant. (rF+)
You are robust. (+10% HP)
You are weak. (Str -2)


Message History

The swamp worm fires a harpoon shot at you.
The harpoon shot hits you.
You are yanked forward by the harpoon shot.
An eight-headed hydra comes into view.
The swamp worm completely misses you. The spriggan rider barely misses you.
The swamp worm bites you!
* * * LOW HITPOINT WARNING * * *
The spriggan rider barely misses you.
The bog body points at you and mumbles some strange words.
The bolt of cold hits you!!
* * * LOW HITPOINT WARNING * * *
You block the swamp worm's attack.
There is a staircase back to the Lair, spattered with blood here.
You feel much better. The swamp worm barely misses you.
The swamp worm fires a harpoon shot at you.
The harpoon shot hits you!
* * * LOW HITPOINT WARNING * * *
You are yanked forward by the harpoon shot.
A tyrant leech comes into view.
The spriggan rider hits you with a +0 spear!
* * * LOW HITPOINT WARNING * * *
The bog body gestures at you while chanting.
You feel as though you will be slow longer.
The spriggan druid calls out to the beasts of the wild!
The swamp worm completely misses you.
The spriggan rider hits you with a +0 spear!
* * * LOW HITPOINT WARNING * * *
You feel much better.
The eight-headed hydra barely misses you.
The eight-headed hydra bites you but does no damage. x2
The eight-headed hydra barely misses you.
The eight-headed hydra bites you.
* * * LOW HITPOINT WARNING * * *
The eight-headed hydra bites you!
* * * LOW HITPOINT WARNING * * *
The eight-headed hydra bites you but does no damage.
The eight-headed hydra completely misses you.
The swamp worm misses you. The swamp worm closely misses you.
The spriggan rider hits you with a +0 spear!
You die...

♣♣♣~....♣♣ ♣
♣♣.....~..♣♣ ♣.
.~.....~~.♣♣
♣♣.♣♣♣~~.≈≈≈...~♣
.♣~~...~.≈≈≈≈≈≈.~~
...≈.~.~≈≈≈≈≈≈w≈..
.♣...~.§..≈≈≈≈≈i.♣
♣§..~~...iw≈≈≈≈≈.♣
♣~~≈.~...w@≈≈≈≈≈.♣
~~>......wDw≈≈≈≈.♣
~~~......n≈≈≈≈≈≈.♣
♣~♣.~..~...≈≈≈≈.♣♣
...>~~...♣♣≈≈≈i.♣
~~.~~~~.♣♣ ♣♣♣..♣
~~.♣~~~~. ~.♣
~~..>~~~. .♣
~~..~.


You could see an eight-headed hydra, a tyrant leech, a spriggan rider, 2
spriggan druids, a bog body and 4 swamp worms.

Vanquished Creatures
  Gastronok (Lair:2)
  2 orc warlords
  3 bunyips (Lair:2)
  4 dire elephants (Lair:5)
  A fire dragon (D:14)
  An ettin (D:15)
  13 hydras
  4 vault guards (D:13)
  An alligator (Lair:2)
  8 two-headed ogres
  6 centaur warriors
  An ogre mage (D:15)
  6 boulder beetles
  6 death yaks (Lair:5)
  A deep troll earth mage (D:15)
  Urug (D:12)
  An orc high priest (Orc:2)
  Sonja (D:10)
  Nergalle (Orc:2)
  A hell knight (Volcano)
  2 spectral death yaks (Lair:5)
  3 skeletal warriors (D:15)
  A spectral anaconda (Lair:5)
  A spriggan druid (Lair:2)
  A deep troll (shapeshifter) (D:12)
  A bog body (Lair:2)
  Pikel (D:6)
  7 deep elf pyromancers
  5 orc knights
  An obsidian statue (Lair:5)
  3 ugly things
  3 necromancers (Lair:5)
  2 cyclopes (D:15)
  3 orc sorcerers (Orc:1)
  An oklob plant (Lair:2)
  Maurice (D:10)
  16 elephants
  4 manticores
  A dire elephant zombie (Lair:5)
  2 black mambas
  13 cane toads
  A gargoyle (D:11)
  Jeremiah (D:8)
  An unseen horror (D:13)
  A yaktaur (Volcano)
  2 efreet (D:15)
  A freezing wraith (Lair:4)
  14 komodo dragons
  6 trolls
  5 polar bears
  A blink frog (shapeshifter) (D:13)
  A hornet (Lair:2)
  16 blink frogs
  2 spectral elephants (Lair:5)
  The ghost of sokol815 the Sneak, an amateur OpEE of Gozag (D:4)
  A centaur simulacrum (D:12)
  A shadow (D:13)
  5 slime creatures
  A spriggan (Lair:2)
  A vampire (D:11)
  2 water elementals (D:12)
  4 wraiths
  8 basilisks
  3 wyverns
  33 yaks
  A steam dragon (D:10)
  3 vampire mosquitoes
  A spectral cane toad (Lair:5)
  4 wargs
  A swamp worm (Lair:2)
  6 acid dragons
  19 water moccasins
  2 hell hounds (Lair:2)
  A swamp drake (Lair:2)
  6 ice beasts
  27 orc warriors
  17 wolves
  A black bear (D:4)
  6 ogres
  13 centaurs
  A phantom (D:6)
  A kobold brigand (D:6)
  13 bullfrogs
  2 gnoll sergeants
  2 scorpions (D:5)
  18 wights
  19 killer bees
  3 electric eels
  2 howler monkeys
  7 hounds
  5 jellies
  18 orc priests
  A gnoll bouda (D:5)
  Ijyb (D:4)
  3 iguanas
  25 orc wizards
  A sleepcap (D:5)
  6 adders
  14 gnolls
  A shadow imp (D:6)
  7 white imps
  2 ufetubi (D:6)
  2 worms
  4 dart slugs
  100 orcs
  5 ball pythons
  A bat zombie (D:3)
  3 endoplasms
  2 giant cockroaches
  9 goblins
  3 hobgoblins
  2 jackals (D:1)
  8 quokkas
  5 bats (D:2)
  4 frilled lizards
  14 kobolds
  7 rats
  A rat zombie (D:3)
677 creatures vanquished.

Vanquished Creatures (collateral kills)
  An ogre mage (D:15)
  A two-headed ogre (D:15)
  A bog body (Swamp:1)
  An orc sorcerer (Orc:2)
  A komodo dragon (Lair:4)
  2 polar bears
  A yak (Lair:4)
  3 orc warriors (Orc:2)
  An ice beast (Lair:4)
  An orc priest (D:11)
13 creatures vanquished.

Vanquished Creatures (others)
  2 bloated husks (Swamp:1)
  An iguana (D:6)
  2 orcs (Orc:2)
5 creatures vanquished.

Grand Total: 695 creatures vanquished

Notes
Turn   | Place    | Note
-------+----------+-------------------------------------------
     0 | D:1      | tsujin the Troll Chaos Knight began the quest for the Orb.
     0 | D:1      | Reached XP level 1. HP: 22/22 MP: 0/0
   178 | D:1      | Reached XP level 2. HP: 29/29 MP: 1/1
   317 | D:1      | Learned a level 1 spell: Sandblast
   509 | D:1      | XOM: silly message
   517 | D:1      | XOM: silly message
   589 | D:2      | XOM: divination: detect creatures
   707 | D:2      | Reached XP level 3. HP: 33/36 MP: 2/2
   805 | D:2      | XOM: silly message
   831 | D:2      | You fall into a shaft and drop 2 floors!
   843 | D:4      | Found a runed translucent door.
   843 | D:4      | Noticed sokol815's ghost (amateur OpEE)
  1023 | D:4      | Found Waihad's Jewellery Shoppe.
  1136 | D:4      | Reached skill level 4 in Unarmed Combat
  1136 | D:4      | Reached XP level 4. HP: 43/45 MP: 3/3
  1259 | D:4      | Noticed a black bear
  1260 | D:4      | XOM: divination: detect items
  1279 | D:4      | Killed a black bear
  1280 | D:4      | Reached XP level 5. HP: 44/53 MP: 4/4
  1378 | D:4      | XOM: give mutations
  1378 | D:4      | Gained mutation: You are dopey. (Int -2) [Xom's mischief]
  1378 | D:4      | Lost mutation: You are dopey. (Int -2) [Xom's mischief]
  1480 | D:4      | Noticed Ijyb
  1495 | D:4      | Killed Ijyb
  1496 | D:4      | Reached skill level 5 in Unarmed Combat
  1558 | D:4      | XOM: give mutations
  1558 | D:4      | Gained mutation: You are weak. (Str -2) [Xom's mischief]
  1558 | D:4      | Gained mutation: You are partially covered in iridescent
                  | scales. (AC +2) [Xom's mischief]
  1558 | D:4      | Gained mutation: You are dopey. (Int -2) [Xom's mischief]
  1581 | D:4      | Found a blossoming altar of Fedhas.
  1822 | D:5      | Entered Level 5 of the Dungeon
  1871 | D:5      | Reached XP level 6. HP: 57/61 MP: 5/5
  1875 | D:5      | XOM: smoke on damage
  2000 | D:5      | Reached skill level 6 in Unarmed Combat
  2020 | D:5      | XOM: chaos upgrade
  2031 | D:5      | Reached XP level 7. HP: 38/67 MP: 6/6
  2043 | D:5      | XOM: give mutations
  2043 | D:5      | Gained mutation: You are agile. (Dex +4, Str/Int -1) [Xom's
                  | grace]
  2043 | D:5      | Gained mutation: You are mostly covered in iridescent
                  | scales. (AC +4) [Xom's grace]
  2043 | D:5      | Gained mutation: You have hidden genetic potential. [Xom's
                  | grace]
  2043 | D:5      | Gained mutation: You possess an exceptional clarity of
                  | mind. [Xom's grace]
  2084 | D:5      | XOM: polymorph adder -> quokka
  2133 | D:5      | XOM: divination: detect creatures
  2171 | D:5      | Found a shadowy altar of Dithmenos.
  2342 | D:5      | Reached skill level 7 in Unarmed Combat
  2373 | D:5      | XOM: summons 4 hostile demons
  2438 | D:5      | Found a sparkling altar of Nemelex Xobeh.
  2683 | D:6      | XOM: stealth player
  2785 | D:6      | Identified 4 scrolls of acquirement
  2785 | D:6      | Acquired 955 gold pieces
  2797 | D:6      | Reached XP level 8. HP: 72/78 MP: 7/7
  2822 | D:6      | Gained mutation: You are robust. (+10% HP) [hidden
                  | potential]
  3006 | D:6      | Reached skill level 8 in Unarmed Combat
  3033 | D:6      | Identified the +6 hand axe of a ziggurat {spect, +Blink
                  | rElec Str-3 Dex+2}
  3059 | D:6      | Found a staircase to the Ecumenical Temple.
  3069 | D:6      | Acquired the ring of the Cicada {EV+5 Dex+4 Slay+2}
  3072 | D:6      | Acquired a manual of Dodging
  3074 | D:6      | Acquired a ring of protection from fire
  3238 | D:6      | Identified the +4 flail of Imbalance {freeze, Will+}
  3328 | D:6      | XOM: scenery: create altars
  3406 | D:6      | Found a glowing golden altar of the Shining One.
  3406 | D:6      | XOM: cleaving
  3440 | D:6      | Noticed Pikel
  3447 | D:6      | XOM: summons friendly quasit
  3454 | D:6      | XOM: enchant monster (bad)
  3460 | D:6      | Killed Pikel
  3461 | D:6      | Reached skill level 5 in Dodging
  3461 | D:6      | Reached skill level 9 in Unarmed Combat
  3475 | D:6      | Reached XP level 9. HP: 86/92 MP: 8/8
  3506 | D:6      | Gained mutation: You have sharp toenails. [hidden
                  | potential]
  3506 | D:6      | Lost mutation: You have hidden genetic potential. [hidden
                  | potential expressed]
  3515 | D:7      | Found a radiant altar of Vehumet.
  3523 | D:7      | XOM: 3-stop teleportation journey
  3592 | D:7      | Found a broken altar of Ashenzari.
  3725 | D:7      | Reached skill level 10 in Unarmed Combat
  3739 | D:7      | XOM: silly message
  4092 | D:8      | XOM: cleaving
  4123 | D:8      | Noticed Jeremiah
  4137 | D:8      | Killed Jeremiah
  4138 | D:8      | Reached skill level 11 in Unarmed Combat
  4377 | D:8      | XOM: 7-stop teleportation journey
  4506 | D:8      | XOM: enchant monster (good)
  4576 | D:8      | Found the +2 ratskin cloak {*Rats rPois rN+ Str-1 Int-1
                  | Dex+1}
  4604 | D:8      | Reached XP level 10. HP: 89/103 MP: 9/9
  4680 | D:8      | XOM: give mutations
  4680 | D:8      | Gained mutation: You have razor-sharp toenails. [Xom's
                  | grace]
  4680 | D:8      | Gained mutation: You are completely covered in iridescent
                  | scales. (AC +6) [Xom's grace]
  4680 | D:8      | Gained mutation: You have a pair of small antennae on your
                  | head. [Xom's grace]
  4983 | D:9      | Found a bloodstained altar of Trog.
  5084 | D:9      | Found a sacrificial altar of Ru.
  5161 | D:9      | Fell from the grace of Xom
  5161 | D:9      | Became a worshipper of Trog the Wrathful
  5192 | D:9      | Reached skill level 12 in Unarmed Combat
  5527 | D:10     | Entered Level 10 of the Dungeon
  5534 | D:10     | Reached skill level 13 in Unarmed Combat
  5539 | D:10     | Reached * piety under Trog
  5650 | D:10     | Found a shimmering altar of Xom.
  5784 | D:10     | XOM: summons 10 hostile demons
  5865 | D:10     | Noticed Sonja
  5869 | D:10     | Reached skill level 5 in Fighting
  5888 | D:10     | Killed Sonja
  5889 | D:10     | Reached skill level 14 in Unarmed Combat
  5889 | D:10     | Reached XP level 11. HP: 105/112 MP: 10/10
  5907 | D:10     | Noticed Maurice
  5911 | D:10     | Maurice stole a +6 ring of intelligence
  5916 | D:10     | Killed Maurice
  5923 | D:10     | Found a hide-covered altar of Uskayaw.
  5971 | D:10     | Found a stormy altar of Qazlal.
  6102 | D:10     | Found a burning altar of Makhleb.
  6102 | D:10     | Noticed a cacodemon
  6123 | D:11     | Noticed a two-headed ogre
  6128 | D:11     | Killed a two-headed ogre
  6436 | D:11     | Found a staircase to the Lair.
  6500 | D:11     | Noticed a four-headed hydra
  6512 | D:11     | XOM: summons 11 hostile demons
  6522 | D:11     | Killed a five-headed hydra
  6523 | D:11     | Reached skill level 10 in Dodging
  6629 | D:11     | Reached ** piety under Trog
  6865 | D:11     | Reached skill level 15 in Unarmed Combat
  6987 | D:11     | Found a flickering gateway to a bazaar.
  6994 | Bazaar   | Entered a bazaar
  7001 | Bazaar   | Found Pofisulu's Antique Weapon Shop.
  7001 | Bazaar   | Found Dareibaf's Assorted Antiques.
  7031 | Bazaar   | Found Xemoetitoru's Armour Shop.
  7048 | Bazaar   | Found Xuosagafo's Book Shop.
  7068 | Bazaar   | Bought a wand of quicksilver (2) for 134 gold pieces
  7068 | Bazaar   | Bought a lumpy clear potion for 14 gold pieces
  7068 | Bazaar   | Bought a scroll labelled POFUDUE CAIROM for 16 gold pieces
  7364 | D:11     | XOM: give mutation
  7364 | D:11     | Lost mutation: You are completely covered in iridescent
                  | scales. (AC +6) [Xom's mischief]
  7682 | D:12     | Found a staircase to the Orcish Mines.
  7682 | D:12     | Noticed a deep elf pyromancer
  7682 | D:12     | XOM: 2-stop teleportation journey
  7689 | D:12     | Noticed a cyan ugly thing
  7691 | D:12     | Killed a deep elf pyromancer
  7700 | D:12     | Killed a cyan ugly thing
  7701 | D:12     | Reached skill level 1 in Armour
  7713 | D:12     | XOM: divination: magic mapping
  7809 | D:12     | Noticed a cyan ugly thing
  7818 | D:12     | Killed a cyan ugly thing
  7864 | D:12     | XOM: summons 2 hostile shadow creatures
  8016 | D:12     | Reached XP level 12. HP: 102/122 MP: 11/11
  8127 | D:12     | Noticed Urug
  8132 | D:12     | Killed Urug
  8294 | D:12     | Reached skill level 16 in Unarmed Combat
  8385 | Lair:1   | Entered Level 1 of the Lair of Beasts
  8509 | Lair:1   | Noticed a boulder beetle
  8517 | Lair:1   | Killed a boulder beetle
  8536 | Lair:1   | XOM: 2-stop teleportation journey
  8573 | Lair:1   | Reached *** piety under Trog
  8596 | Lair:1   | Noticed R007833r's ghost (journeyman DrSh)
  8602 | Lair:1   | Noticed a minotaur
  8882 | Lair:1   | Found a runed translucent gate.
  8882 | Lair:1   | Found a runed translucent gate.
  8882 | Lair:1   | Found a runed translucent gate.
  8902 | Lair:1   | XOM: noise
  9230 | Lair:2   | Reached skill level 17 in Unarmed Combat
  9231 | Lair:2   | Noticed a boulder beetle
  9238 | Lair:2   | Killed a boulder beetle
  9335 | Lair:2   | Found a dark tunnel.
  9335 | Lair:2   | XOM: 6-stop teleportation journey
  9400 | Lair:2   | Noticed Gastronok
  9421 | Lair:2   | Killed Gastronok
  9508 | Lair:2   | Found a hole to the Spider Nest.
  9547 | Volcano  | Entered a volcano
  9641 | Volcano  | Noticed a centaur warrior
  9649 | Volcano  | Killed a centaur warrior
 10023 | Lair:2   | Reached XP level 13. HP: 132/132 MP: 12/12
 10245 | Lair:2   | Found a staircase to the Swamp.
 10324 | Lair:2   | Acquired 758 gold pieces
 10460 | Lair:3   | Reached **** piety under Trog
 10527 | Lair:3   | Reached skill level 1 in Axes
 10527 | Lair:3   | Reached skill level 18 in Unarmed Combat
 11333 | Lair:4   | Found a staircase to the Slime Pits.
 11333 | Lair:4   | Found a viscous altar of Jiyva.
 11480 | Lair:4   | XOM: 2-stop teleportation journey
 11830 | D:4      | Bought an amulet of reflection for 420 gold pieces
 11886 | D:4      | Killed sokol815's ghost
 11936 | D:3      | Found an iron altar of Okawaru.
 11939 | D:3      | Found a faded altar of an unknown god.
 12039 | D:3      | XOM: 3-stop teleportation journey
 12051 | D:3      | Found a white marble altar of Elyvilon.
 12172 | D:3      | Found an ancient bone altar of Kikubaaqudgha.
 12363 | D:3      | XOM: give mutation
 12363 | D:3      | Lost mutation: You have razor-sharp toenails. [Xom's
                  | mischief]
 12516 | D:2      | Reached ***** piety under Trog
 12898 | D:2      | XOM: give mutations
 12898 | D:2      | Gained mutation: You are completely covered in iridescent
                  | scales. (AC +6) [Xom's grace]
 12898 | D:2      | Gained mutation: Your flesh is heat resistant. (rF+) [Xom's
                  | grace]
 12898 | D:2      | Gained mutation: You have supernaturally acute eyesight.
                  | (SInv) [Xom's grace]
 12898 | D:2      | Gained mutation: Your flesh is cold resistant. (rC+) [Xom's
                  | grace]
 13282 | D:6      | Reached skill level 19 in Unarmed Combat
 13505 | Lair:1   | XOM: noise
 13807 | Lair:4   | XOM: noise
 14033 | Lair:4   | XOM: give mutations
 14033 | Lair:4   | Lost mutation: You have a pair of small antennae on your
                  | head. [Xom's mischief]
 14033 | Lair:4   | Lost mutation: Your flesh is cold resistant. (rC+) [Xom's
                  | mischief]
 14033 | Lair:4   | Was forgiven by Xom
 14187 | Lair:5   | Entered Level 5 of the Lair of Beasts
 14219 | Lair:5   | Reached skill level 1 in Shields
 14313 | Lair:5   | Noticed a dire elephant
 14313 | Lair:5   | Noticed a dire elephant
 14314 | Lair:5   | Noticed a dire elephant
 14338 | Lair:5   | Reached XP level 14. HP: 135/143 MP: 13/13
 14662 | Lair:5   | Received a gift from Trog
 14663 | Lair:5   | Reached skill level 20 in Unarmed Combat
 14949 | Lair:5   | Identified the +0 ring mail "Onom" {Will+}
 15619 | Lair:5   | Identified the amulet of Devotion {rC+ Regen+}
 15781 | Orc:1    | Entered Level 1 of the Orcish Mines
 15851 | Orc:1    | Noticed an orc warlord
 15865 | Orc:1    | Killed an orc warlord
 16370 | Orc:2    | Entered Level 2 of the Orcish Mines
 16404 | Orc:1    | Received a gift from Trog
 16581 | Orc:2    | Noticed Nergalle
 16611 | Orc:2    | Killed Nergalle
 16624 | Orc:2    | Noticed an orc warlord
 16639 | Orc:2    | Killed an orc warlord
 16640 | Orc:2    | Reached skill level 21 in Unarmed Combat
 16657 | Orc:2    | Found Huc Hic's Book Shop.
 16659 | Orc:2    | Reached XP level 15. HP: 134/152 MP: 14/14
 16670 | Orc:2    | Received a gift from Trog
 16816 | Orc:2    | Found a staircase to the Elven Halls.
 16848 | Orc:2    | Found Sieluvil's General Store.
 16854 | Orc:2    | Bought a potion of might for 60 gold pieces
 16854 | Orc:2    | Bought a scroll of fog for 60 gold pieces
 16863 | Orc:2    | Found Kuilileo's Antique Armour Shop.
 16945 | Orc:2    | Found Nuikiz's Antique Weapon Shop.
 17612 | D:13     | Found a gate to the Vaults.
 17676 | D:13     | Reached ****** piety under Trog
 19031 | D:14     | Reached skill level 5 in Armour
 19041 | D:15     | Entered Level 15 of the Dungeon
 19150 | D:15     | Found a staircase to the Depths.
 19384 | D:15     | Reached skill level 22 in Unarmed Combat
 19391 | D:15     | Received a gift from Trog
 19454 | D:15     | Found a sacrificial altar of Ru.
 20249 | Swamp:1  | Entered Level 1 of the Swamp
 20463 | Swamp:1  | HP: 1/154 [spriggan rider/+0 spear[a spriggan druid] (17)]
 20464 | Swamp:1  | Slain by a spriggan rider

Illustrated notes

Levels and vault maps discovered:
D:1:      lightli_arrival_farm, layout_rooms
D:2:      wad_woods_tower, layout_basic, hex_large, kennysheep_generic_room_11
D:3:      layout_rooms, lemuel_zombie_altar_kikubaaqudgha, elyvilon_altar_1,
          nicolae_overflow_ecumenical_swirl
D:4:      layout_basic, mainiacjoe_overflow_cross_hatched,
          hellmonk_ghost_happy_afterlife, minmay_crystal_room,
          minmay_shop_enchanted_jewellery, uniq_ijyb
D:5:      layout_loops_ring, kennysheep_little_box, grunt_dithmenos_smoke,
          hangedman_decor_clover_reticule
D:6:      layout_cave_pools, mainiacjoe_overflow_24_doors,
          minmay_temple_entry_antechambers, minmay_misc_feat_columns,
          kb_lookout_dungeons_type, guppyfry_early_elven_hall, uniq_pikel
D:7:      layout_cave_pools, nicolae_vehumet_altar_sigil,
          mainiacjoe_overflow_boulevard
D:8:      layout_rooms, special_room [special_room_orc], uniq_jeremiah
D:9:      layout_basic, lemuel_crystal_altar,
          mainiacjoe_overflow_surrounded_room
D:10:     layout_roguey, eat_drink_and_be_merry_uskayaw,
          mainiacjoe_overflow_concentric_impassable,
          nicolae_qazlal_general_emergency, makhleb_altar_promises_db,
          kennysheep_flooded_box, kennysheep_nondescript, uniq_maurice,
          uniq_sonja
D:11:     kennysheep_blocky_hall, layout_basic, erik_lair_island, serial_shops,
          bzr_entry_safe
D:12:     layout_gridville, orc_0_dummy, serial_ice, serial_ice_k, serial_ice_b,
          serial_ice_o, serial_ice_n, uniq_urug
D:13:     layout_basic, lightli_vaults_fourway_checkpoint
D:14:     layout_roguey, hangedman_decor_lopped, serial_curves, eino_curves_01,
          eino_curves_04, eino_curves_03, eino_curves_04
D:15:     hellmonk_depths_entry_around_the_bend, layout_irregular_city,
          serial_co_window_serial, co_window_corner_a, co_window_paths_a,
          co_window_corner_a, co_window_paths_b, co_window_corner_a,
          co_window_of_opportunity_a, co_window_of_opportunity_a,
          co_window_paths_c, co_window_cross_3, co_window_of_opportunity_c,
          glass_columns_a, glass_columns_a, glass_columns_c, glass_columns_b,
          nicolae_ru_the_path_less_chosen
Lair:1:   layout_small_grid, maelrawn_ghost_gauntlet_escape
Lair:2:   layout_misc_corridors, nicolae_swamp_entry_splash_gauntlet,
          dummy_spider_entry, enter_volcano_3, uniq_gastronok
Lair:3:   layout_cave_pods
Lair:4:   layout_cave_pods, minmay_slime_entry_pillars, ice2_lemuel,
          lemuel_fruit_tree
Lair:5:   due_jungle_book, layout_loops_ring, serial_bayou_shore_a,
          serial_bayou_shore_b, grunt_megastairs_4
Swamp:1:  layout_falls_marsh, portal_ice_cave_entry_pillars_2,
          evilmike_swamp_ruin_rubble_2, nicolae_swamp_soggy_hallways,
          infiniplex_staircase_pool, uniq_josephine
Orc:1:    layout_caves, nicolae_orc_stony_grotto
Orc:2:    grunt_orc_cross, layout_caves

Skill      XL: |  1  2  3  4  5  6  7  8  9 10 11 12 13 14 15 |
---------------+----------------------------------------------+-----
Dodging        | 2 3 4 5 8 9 11 12 13 | 13.9
Fighting       | 3 4 5 6 7 |  7.1
Unarmed Combat | 4 5 6 7 9 11 14 15 17 19 21 22 | 22.2
Armour         | 1 3 4 5 |  5.4
Axes           | 2 3 |  3.7
Shields        | 1 3 4 |  4.8
Stealth        | |  0.8
Evocations     | |  0.5

Action                     |  1- 3 |  4- 6 |  7- 9 | 10-12 | 13-15 || total
---------------------------+-------+-------+-------+-------+-------++-------
  Melee: Unarmed           |   111 |    96 |   314 |   462 |   921 ||  1904
         Punch             |       |     1 |    12 |    54 |   127 ||   194
         Kick              |       |       |    42 |   153 |   364 ||   559
         War axe           |       |       |       |       |    47 ||    47
 Invoke: Berserk           |       |       |       |     5 |     5 ||    10
         Trog's Hand       |       |       |       |       |     1 ||     1
  Evoke: Wand              |       |       |       |     3 |       ||     3
    Use: Potion            |       |     3 |     1 |       |     3 ||     7
         Scroll            |       |       |    14 |    12 |     4 ||    30
   Stab: Sleeping          |       |       |     1 |     1 |     4 ||     6
         Distracted        |       |       |       |     3 |       ||     3
 Armour: Robe              |    72 |    85 |   245 |    36 |       ||   438
         Troll leather arm |       |       |       |   232 |   505 ||   737
  Dodge: Dodged            |    53 |    38 |   258 |   444 |   846 ||  1639
  Block: Other             |       |       |       |       |   175 ||   175
         Reflection        |       |       |       |       |    16 ||    16

Table legend: (Time is in decaauts)
 A = Elapsed time spent in this place.
 B = Non-inter-level travel time spent in this place.
 C = Inter-level travel time spent in this place.
 D = Time resting spent in this place.
 E = Time spent auto-exploring this place.
 F = Levels seen in this place.
 G = Mean time per level.
                   A        B        C        D        E       F      G
               +--------+--------+--------+--------+--------+-----+--------+
         Total |  20096 |  17154 |   2942 |    325 |  12196 |  25 |  803.8 |
       Dungeon |  12733 |  10926 |   1807 |    168 |   7797 |  15 |  848.9 |
          Lair |   5538 |   4783 |    755 |    157 |   3423 |   5 | 1107.6 |
         Swamp |     34 |     34 |      0 |      0 |      0 |   1 |   34.0 |
  Orcish Mines |   1499 |   1119 |    380 |      0 |    900 |   2 |  749.5 |
        Bazaar |    104 |    104 |      0 |      0 |      0 |   1 |  104.0 |
       Volcano |    185 |    185 |      0 |      0 |     75 |   1 |  185.0 |
               +--------+--------+--------+--------+--------+-----+--------+

Top non-repeatable levels by time:
    D:11: 1550 daAuts
  Lair:5: 1428 daAuts
  Lair:2: 1243 daAuts
     D:4: 1161 daAuts
     D:6: 1019 daAuts
    D:15: 996 daAuts
  Lair:1: 969 daAuts
  Lair:3: 963 daAuts
     D:5: 937 daAuts
  Lair:4: 932 daAuts
    D:13: 912 daAuts
     D:2: 912 daAuts
   Orc:1: 877 daAuts
     D:8: 851 daAuts
    D:14: 776 daAuts
